 Dungeon Crawl Stone Soup version 0.28-a0-1152-g9c71ebef14 (webtiles) character file.

Game seed: 4656093563588916451

37 spaghetti the Sneak (level 3, -2/29 HPs)
             Began as a Demonspawn Delver on Dec 14, 2021.
             Was an Initiate of Cheibriados.
             Frozen to death by an endoplasm (5 damage)
             ... on level 2 of the Dungeon.
             The game lasted 00:02:01 (1164 turns).

spaghetti the Sneak (Demonspawn Delver)             Turns: 1164, Time: 00:02:02

Health: -2/29      AC:  3    Str: 15    XL:     3   Next: 23%
Magic:  3/3        EV: 12    Int: 12    God:    Cheibriados [......]
Gold:   30         SH:  0    Dex: 17    Spells: 2/2 levels left

rFire   . . .      SeeInvis .   a - +1 falchion {long}
rCold   . . .      Faith    .   (no shield)
rNeg    . . .      Spirit   .   b - +0 leather armour
rPois   .          Reflect  .   (helmet restricted)
rElec   .          Harm     .   (no cloak)
rCorr   .          Rampage  .   (no gloves)
Will    .....      Clarity  +   (no boots)
Stlth   +++.......              (no amulet)
HPRegen 0.09/turn               (no ring)
MPRegen 0.08/turn               (no ring)

@: unable to read, very slow
A: antennae 1, sturdy frame 1, agile 1, clarity, inability to read while
threatened
a: Renounce Religion


You were on level 2 of the Dungeon.
You worshipped Cheibriados.
Cheibriados was noncommittal.
You visited 2 branches of the dungeon, and saw 6 of its levels.

You collected 30 gold pieces.


Innate Abilities, Weirdness & Mutations

You have a pair of small antennae on your head.
Your movements are slightly less encumbered by armour. (ER -2)
You are agile. (Dex +2)
You possess an exceptional clarity of mind.
You sometimes lose the ability to read scrolls when taking damage.


   Skills:
 - Level 3.0 Fighting
 - Level 1.7 Long Blades
 - Level 1.7 Dodging
 + Level 5.6 Stealth


You had 2 spell levels left.
You didn't know any spells.
Your spell library was empty.

Inventory:

Hand Weapons
 a - a +1 falchion (weapon) {long}
 i - a +0 hand axe of draining {axe}
   (You found it on level 5 of the Dungeon)
Missiles
 j - 6 silver javelins (quivered) {throwing}
 l - 25 arrows
 m - 20 sling bullets
Armour
 b - a +0 leather armour (worn)
Jewellery
 h - a ring of flight
   (You found it on level 5 of the Dungeon)
Wands
 g - a wand of digging (3)
Scrolls
 c - a scroll of fog
 d - a scroll of magic mapping {!r}
 k - a scroll of blinking {!r}
Potions
 f - a potion of haste {@q3}

Dungeon Overview and Level Annotations

Branches:
Dungeon (6/15)             Temple (1/1) D:5

Altars:
Ashenzari
Cheibriados
Elyvilon
Fedhas
Hepliaklqana
Makhleb
Nemelex Xobeh
Qazlal
Sif Muna
Trog
Uskayaw
Zin

Shops:
D:3 [

Annotations:
D:3 exclusion: door, Terence

#. #.# #.# .# #. #.#
#.# .# #. ####.####
#.# .# #.###.......#
#.# .# #..##.#####.#
#g# .# ###.##.# #.#
#.# .......# #.# #.#
###>##.# #.#####.##.#
#.##.# #....@J....#
#.##.......##.#######
#.##.#####.##.#
...... ..##.# .<....
...##<# .....#
######.# ..... #.#
#.# ..#


You could see an endoplasm.


Message History

You kill the quokka!
Cheibriados thoroughly appreciates the change of pace.
You hit Terence but do no damage. Terence hits you with a +0 flail.
Terence hits you with a +0 flail!
You feel threatened and lose the ability to read scrolls!
* * * LOW HITPOINT WARNING * * *
😨 HP[-15]
You take 15 damage, and now have 10/29 hp.
MASSIVE DAMAGE!! (PAUSE)
Okay, then.
It was a potion of heal wounds.
You feel much better.
Terence hits you with a +0 flail. 😮 HP[+11]
You regained 11 hp, and now have 21/29 hp.
You cannot read scrolls in your current state!
Unknown command.
Unknown command.
You cannot read scrolls in your current state!
Unknown command.
You hit Terence but do no damage.
You can read scrolls again.
Terence barely misses you. 😕 HP[+1]
You closely miss Terence. Terence hits you with a +0 flail.
You feel threatened and lose the ability to read scrolls! 😮 HP[-4]
You take 4 damage, and now have 18/29 hp.
Unknown command.
Unknown command.
Okay, then.
You hit Terence. Terence closely misses you.
You hit Terence.
You can read scrolls again.
Terence barely misses you.
You hit Terence. Terence closely misses you.
Terence says, "Did you write a will?
You should..."
Terence closely misses you.
You closely miss Terence. Terence hits you with a +0 flail.
You feel threatened and lose the ability to read scrolls! 😮 HP[-2]
You take 2 damage, and now have 16/29 hp.
You hit Terence.
You can read scrolls again.
Terence closely misses you.
As you read the scroll of fear, it crumbles to dust.
You assume a fearsome visage.
Terence looks frightened! 😮 HP[+1]
Found a stone staircase leading up.
(D) Dungeon (T) Temple
Where to? (Enter - D:4, ? - help)
There is a stone staircase leading up here.
You climb upwards.
Found a smoky blue potion.
Found a stone staircase leading up.
There is a stone staircase leading down here. 😮 HP[+1] Unknown command.
Unknown command.
e - a smoky blue potion
Found a stone staircase leading up. 😎 HP[+11]
Your hp is fully restored (29).
You now have 30 gold pieces (gained 16).
A frilled lizard and 2 gnolls come into view.
A gnoll comes into view. It is wielding a +0 whip.
A gnoll comes into view. It is wielding a +0 club.
The gnoll shouts!
The frilled lizard hisses angrily.
The gnoll shouts!
The gnoll hits you with a +0 halberd! The gnoll barely misses you. 😮 HP[-11]
You take 11 damage, and now have 18/29 hp.
MASSIVE DAMAGE!! (PAUSE)
Okay, then.
It was a potion of invisibility.
You fade into invisibility!
An endoplasm comes into view.
The gnoll hits you with a +0 halberd.
You feel threatened and lose the ability to read scrolls!
* * * LOW HITPOINT WARNING * * *
😨 HP[-4]
You take 4 damage, and now have 14/29 hp.
You barely miss the gnoll. You completely miss the gnoll.
You can read scrolls again.
The gnoll hits you with a +0 halberd!
You feel threatened and lose the ability to read scrolls!
* * * LOW HITPOINT WARNING * * *
😱 HP[-13]
You take 13 damage, and now have 1/29 hp.
MASSIVE DAMAGE!! (PAUSE)
The gnoll closely misses you.
The frilled lizard bites you but does no damage. 😱 HP[+1]
You can read scrolls again.
You flicker for a moment. 😱 HP[+1]
You flicker back into view.
Unknown command.
The endoplasm freezes you.
You are frozen.
You feel threatened and lose the ability to read scrolls!
You die...

Skill      XL: |  1 |
---------------+----+-----
Stealth        | 5 |  5.6
Fighting       | |  3.0
Long Blades    | |  1.7
Dodging        | |  1.7

Action                   || total
-------------------------++-------
Melee: Falchion          ||    42
Throw: Javelin           ||     1
  Use: Scroll            ||     4
       Potion            ||     3
Armor: Leather armour    ||    14
Dodge: Dodged            ||    40

Levels and vault maps discovered:
D:2:      layout_loops_ring
D:3:      minmay_chambers_of_threes, layout_basic, serial_shops, shop_fountains,
          shop_fountains, minmay_shallow_snake_nest, uniq_terence
D:4:      layout_rooms, okawaru_trees_1
D:5:      layout_cave_pools, xom_redecorated, vehumet_altar_wand_db,
          minmay_temple_entry_sparse_star, uniq_grinder, uniq_prince_ribbit1
D:6:      layout_loops_ring, nicolae_gozag_seed_capital, grunt_ministairs_15
Temple:   cyrus_circular_temple

Notes
Turn   | Place    | Note
-------+----------+-------------------------------------------
     0 | D:5      | spaghetti the Demonspawn Delver began the quest for the
                  | Orb.
     0 | D:5      | Reached XP level 1. HP: 18/18 MP: 1/1
     0 | D:5      | magus.rc [v1.9.6]
     0 | D:5      | Found a staircase to the Ecumenical Temple.
    14 | Temple   | Entered the Ecumenical Temple
    38 | Temple   | Became a worshipper of Cheibriados the Contemplative
   100 | D:5      | Gained mutation: You sometimes lose the ability to read
                  | scrolls when taking damage. [potion of mutation]
   100 | D:5      | Gained mutation: You are agile. (Dex +2) [potion of
                  | mutation]
   100 | D:5      | Gained mutation: You possess an exceptional clarity of
                  | mind. [potion of mutation]
   110 | D:5      | Reached skill level 5 in Stealth
   110 | D:5      | Gained mutation: You have a pair of small antennae on your
                  | head. [demonic ancestry]
   110 | D:5      | Reached XP level 2. HP: 18/24 MP: 2/2
   186 | D:5      | Noticed a scorpion
   346 | D:3      | Found Zaixet's Antique Armour Emporium.
   636 | D:3      | Gained mutation: Your movements are slightly less
                  | encumbered by armour. (ER -2) [demonic ancestry]
   636 | D:3      | Reached XP level 3. HP: 28/29 MP: 3/3
   751 | D:3      | Noticed Terence
  1151 | D:2      | HP: 1/29 [gnoll (13)]
  1164 | D:2      | Frozen to death by an endoplasm

Vanquished Creatures
  A hound skeleton (D:5)
  2 adders (D:3)
  4 ball pythons (D:3)
  A quokka (D:3)
8 creatures vanquished.

Vanquished Creatures (others)
  A fungus (D:3)
1 creature vanquished.

Grand Total: 9 creatures vanquished

Table legend:
 A = Non-vault XP
 B = Vault XP
 C = Vault XP percentage of total XP
 D = Non-vault monster count
 E = Vault monster count
 F = Vault count percentage of total count
                 A         B        C        D         E       F
            +---------+---------+-------+---------+---------+-------
      Total |      35 |      19 |  35.2 |       3 |       5 |  62.5
            +---------+---------+-------+---------+---------+-------
        D:3 |      15 |      19 |  55.9 |       2 |       5 |  71.4
        D:5 |      20 |       0 |   0.0 |       1 |       0 |   0.0
            +---------+---------+-------+---------+---------+-------

Illustrated notes

Table legend:
 A = Kills in this place as a percentage of kills in entire the game.
 B = Kills by you in this place as a percentage of kills by you in the entire game.
 C = Kills by friends in this place as a percentage of kills by friends in the entire game.
 D = Other kills in this place as a percentage of other kills in the entire game.
 E = Experience gained in this place as a percentage of experience gained in the entire game.
 F = Experience gained in this place divided by the number of levels of this place that you have seen.
                   A       B       C       D       E      F
               +-------+-------+-------+-------+-------+----------------------
         Total | 100.0 | 100.0 |   N/A |   N/A | 100.0 |   9.0
       Dungeon | 100.0 | 100.0 |   N/A |   N/A | 100.0 |  10.8
               +-------+-------+-------+-------+-------+----------------------

Table legend: (Time is in decaauts)
 A = Elapsed time spent in this place.
 B = Non-inter-level travel time spent in this place.
 C = Inter-level travel time spent in this place.
 D = Time resting spent in this place.
 E = Time spent auto-exploring this place.
 F = Levels seen in this place.
 G = Mean time per level.
                   A        B        C        D        E       F      G
               +--------+--------+--------+--------+--------+-----+--------+
         Total |   1235 |   1201 |     34 |    659 |    375 |   6 |  205.8 |
       Dungeon |   1191 |   1176 |     15 |    659 |    357 |   5 |  238.2 |
        Temple |     43 |     24 |     19 |      0 |     18 |   1 |   43.0 |
               +--------+--------+--------+--------+--------+-----+--------+

Top non-repeatable levels by time:
     D:3: 675 daAuts
     D:2: 192 daAuts
     D:5: 176 daAuts
     D:4: 145 daAuts
  Temple: 43 daAuts
     D:6: 1 daAuts
